 Dungeon Crawl Stone Soup version 0.29.1-12-g30fa7ad0bf (webtiles) character file.

Game seed: 9491006416107518452

324 hawla the Chiller (level 7, -5/50 HPs)
             Began as a Meteoran Ice Elementalist on Dec 26, 2022.
             Slain by a yak (8 damage)
             ... on level 4 of the Dungeon.
             The game lasted 00:07:47 (1183 turns).

hawla the Chiller (Meteoran Ice Elementalist)       Turns: 1183, Time: 00:07:47

Health: -5/50      AC:  3    Str: 10    XL:     7   Next: 6%
Magic:  6/15       EV: 13    Int: 18    God:
Gold:   95         SH:  0    Dex: 21    Spells: 12/16 levels left

rFire   . . .      SeeInvis .   g - staff of earth
rCold   + . .      Faith    .   (no shield)
rNeg    . . .      Spirit   .   a - +1 robe
rPois   .          Reflect  .   (no helmet)
rElec   .          Harm     .   (no cloak)
rCorr   .          Rampage  .   (no gloves)
Will    .....                   (no boots)
Stlth   +.........              (no amulet)
HPRegen 0.16/turn               d - +6 ring of dexterity
MPRegen 0.14/turn               k - ring of protection from cold

@: freezing walls, attractive, glowing
A: sense surroundings 1, otherworldly, glowing, explore regen
a: no special abilities


You were on level 4 of the Dungeon.
You visited 1 branch of the dungeon, and saw 4 of its levels.

You collected 95 gold pieces.

Inventory:

Armour
 a - a +1 robe (worn)
Magical Staves
 g - a staff of earth (weapon)
Jewellery
 d - a +6 ring of dexterity (left hand)
 k - a ring of protection from cold (right hand)
Wands
 l - a wand of digging (6)
Potions
 b - 2 potions of magic
 c - a potion of cancellation
 h - a potion of invisibility {unknown}
 i - 2 potions of ambrosia {unknown}
 j - 2 potions of degeneration {unknown}
 m - 2 potions of brilliance {unknown}
 n - 2 potions of heal wounds {unknown}


   Skills:
 + Level 0.1 Fighting
 + Level 2.9 Dodging
 - Level 1.4 Stealth
 + Level 5.2 Spellcasting
 + Level 6.2 Ice Magic
 + Level 2.0 Earth Magic
 + Level 2.0 Evocations


You had 12 spell levels left.
You knew the following spells:

 Your Spells              Type           Power      Damage    Failure   Level
a - Freeze                Ice            100%       1d11      1%          1
b - Frozen Ramparts       Ice            54%        1d9       3%          3

Your spell library contained the following spells:

 Spells                   Type           Power      Damage    Failure   Level
 Ozocubu's Armour         Ice            27%        N/A       3%          3
 Ensorcelled Hibernation  Hex/Ice        32%        N/A       5%          2
 Sandblast                Erth           34%        2d9       6%          1
 Passwall                 Tmut/Erth      10%        N/A       13%         2
 Stone Arrow              Conj/Erth      24%        3d8       26%         3
 Hailstorm                Conj/Ice       16%        3d6       34%         4
 Swiftness                Air            4%         N/A       36%         3


Dungeon Overview and Level Annotations

Branches:
Dungeon (4/15) Zot: 1225
 Temple: D:4-7

Altars:
Makhleb

Shops:
D:2 ?


Innate Abilities, Weirdness & Mutations

You passively map a small area around you.
You are easily found by Zot.
You glow in the dark.
You regain HP and MP as you explore.


Message History

Aim: a yak (lightly wounded)
You freeze the yak.
The yak is lightly wounded.
The wall freezes the yak. x2; The yak misses you.
The wall freezes the yak!
Unknown command.
Casting: Freeze (safe; 1% risk of failure)
Confirm with . or Enter, or press ? or * to list all spells.
Aiming: Freeze (safe; 1% risk of failure)
Press: ? - help, Shift-Dir - straight line, f/p - yak
Aim: a yak (moderately wounded)
You freeze the yak.
The yak is moderately wounded.
The yak snorts and paws the ground.
The yak misses you.
The wall freezes the yak. x2; The yak gores you!
The wall freezes the yak.
The yak barely misses you.
Casting: Freeze (safe; 1% risk of failure)
Confirm with . or Enter, or press ? or * to list all spells.
Aiming: Freeze (safe; 1% risk of failure)
Press: ? - help, Shift-Dir - straight line, f/p - yak
Aim: a yak (moderately wounded)
You freeze the yak.
The yak is heavily wounded.
The yak gores you.
The wall freezes the yak but does no damage.
The wall freezes the yak. x2; The yak misses you.
The wall freezes the yak.
The yak gores you but does no damage.
As you read the scroll labelled DYJUUMOENU, it crumbles to dust.
It is a scroll of brand weapon.
You aren't carrying any weapons that can be branded.
The yak gores you!
The wall freezes the yak. x2
You kill the yak!
The wall freezes the yak. x2; The yak gores you!
* * * LOW HITPOINT WARNING * * *
Your Spellcasting skill increases to level 5!
Your Ice Magic skill increases to level 6!
You have reached level 7!
It was a potion of attraction.
You feel attractive to monsters. The yak gores you!
You die...

, #.........##..... * *
,...#####.........# .##..
,........................
...#####.........##.##..
, , #####.........# .....
* . ,#.............#
..... ....#.............#
, ... *
..$...............#,, ...
* *.##...##@Y........ .#+
* *#... #†Y....... , ###
#Y########* , ,. #Y# ##
#Y. , #. * #.. # #. #.. *
#. # * .... * #..# ,
.#..~


You could see 5 yaks.

Vanquished Creatures
  A yak (D:4)
  A necrophage (D:3)
  Ijyb (D:3)
  2 adders (D:2)
  A worm (D:3)
  9 dart slugs
  6 orcs
  3 endoplasms (D:2)
  A giant cockroach (D:2)
  A hobgoblin (D:2)
  5 quokkas
  3 ball pythons
  3 bats
  A frilled lizard (D:2)
  4 goblins
  3 kobolds
  2 rats (D:2)
47 creatures vanquished.

Notes
Turn   | Place    | Note
-------+----------+-------------------------------------------
     0 | D:1      | hawla the Meteoran Ice Elementalist began the quest for the
                  | Orb.
     0 | D:1      | Reached XP level 1. HP: 14/14 MP: 5/5
   102 | D:2      | Reached XP level 2. HP: 12/20 MP: 2/6
   126 | D:2      | Reached XP level 3. HP: 21/26 MP: 3/8
   127 | D:2      | Reached skill level 5 in Ice Magic
   131 | D:2      | Learned a level 3 spell: Frozen Ramparts
   138 | D:2      | Found Boqaent's Magic Scroll Emporium.
   192 | D:2      | Reached skill level 1 in Earth Magic
   192 | D:2      | Reached skill level 1 in Evocations
   235 | D:2      | Reached XP level 4. HP: 33/33 MP: 7/9
   672 | D:3      | Noticed a necrophage
   686 | D:3      | Killed a necrophage
   687 | D:3      | Reached XP level 5. HP: 26/38 MP: 1/11
   944 | D:3      | Noticed Ijyb
   950 | D:3      | Killed Ijyb
   951 | D:3      | Reached XP level 6. HP: 44/45 MP: 3/13
   982 | D:4      | Found a burning altar of Makhleb.
  1173 | D:4      | Noticed a yak
  1174 | D:4      | Noticed a yak
  1174 | D:4      | Noticed a yak
  1175 | D:4      | Noticed a yak
  1176 | D:4      | Noticed a yak
  1176 | D:4      | Noticed a yak
  1182 | D:4      | Killed a yak
  1182 | D:4      | HP: 2/45 [yak (17)]
  1183 | D:4      | Reached skill level 5 in Spellcasting
  1183 | D:4      | Reached skill level 6 in Ice Magic
  1183 | D:4      | Reached XP level 7. HP: 2/50 MP: 6/15
  1183 | D:4      | Slain by a yak

Illustrated notes

Levels and vault maps discovered:
D:1:      dpeg_arrival_signposts, layout_loops_corners,
          ebering_ecumenical_altar_webs
D:2:      layout_rooms, serial_shops, nicolae_shop_statue_plus,
          kennysheep_generic_room_15
D:3:      layout_basic, serial_glass, glass_columns_a, glass_columns_b,
          glass_columns_a, glass_columns_b, uniq_ijyb
D:4:      kennysheep_slugbush, layout_basic, minitemple,
          nicolae_overflow_crystal_walls, serial_bayou_pond_a,
          minmay_manual_moon

Skill      XL: |  1  2  3  4  5  6 |
---------------+-------------------+-----
Spellcasting   | 3 4 5 |  5.2
Ice Magic      | 5 6 |  6.2
Earth Magic    | 1 2 |  2.0
Evocations     | 1 2 |  2.0
Fighting       | |  0.1
Dodging        | |  2.9
Stealth        | |  1.4

Action                   |  1- 3 |  4- 6 |  7- 9 || total
-------------------------+-------+-------+-------++-------
Melee: Unarmed           |     2 |       |       ||     2
       Staff             |     7 |    17 |       ||    24
 Cast: Freeze            |    26 |    40 |       ||    66
       Frozen Ramparts   |     2 |    12 |       ||    14
  Use: Scroll            |       |     3 |       ||     3
       Potion            |       |     1 |     1 ||     2
Armor: Robe              |     5 |    14 |       ||    19
Dodge: Dodged            |    24 |    32 |       ||    56
